 Dungeon Crawl Stone Soup version 0.20.1-1-g8b1a95d (webtiles) character file.

347 Nattfarinn the Ducker (level 6, -12/37 HPs)
             Began as a Gargoyle Berserker on Aug 5, 2017.
             Was a Believer of Trog.
             Mangled by an orc wizard
             ... wielding a +1 dagger of distortion
              (21 damage)
             ... on level 3 of the Dungeon.
             The game lasted 00:03:43 (2411 turns).

Nattfarinn the Ducker (Gargoyle Berserker)          Turns: 2411, Time: 00:03:43

Health: -12/37     AC: 10    Str: 21    XL:     6   Next: 59%
Magic:  6/6        EV: 12    Int:  7    God:    Trog [**....]
Gold:   118        SH:  0    Dex: 11    Spells: 5/5 levels left

rFire    . . .     SeeInvis .   r - +2 whip (pain)
rCold    . . .     Gourm    .   (no shield)
rNeg     + . .     Faith    .   s - +0 scale mail
rPois    ∞         Spirit   .   (no helmet)
rElec    +         Reflect  .   (no cloak)
rCorr    .         Harm     .   (no gloves)
MR       ++...                  (no boots)
Stlth    ..........             (no amulet)
Regen    1.2/turn               (no ring)
MPRegen  0.1/turn               (no ring)

@: regenerating
A: negative energy resistance 1, electricity resistance, unbreathing,
petrification resistance, rot immunity, AC +4
a: Berserk, Trog's Hand, Burn Spellbooks, Renounce Religion


You were on level 3 of the Dungeon.
You worshipped Trog.
Trog was pleased with you.
You were very hungry.

You visited 1 branch of the dungeon, and saw 3 of its levels.

You collected 118 gold pieces.

Inventory:

Hand Weapons
 a - a +0 mace
 r - a +2 whip of pain (weapon)
Missiles
 d - 29 poisoned needles
 n - 2 javelins of penetration (quivered)
Armour
 b - a +0 animal skin
 s - a +0 scale mail (worn)
Scrolls
 g - a scroll of recharging {unknown}
 j - 3 scrolls of identify {unknown}
 k - a scroll of magic mapping {unknown}
 l - a scroll of remove curse {unknown}
 o - a scroll of enchant weapon {unknown}
Potions
 e - a potion of resistance {unknown}
 i - 3 potions of curing {unknown}
 m - a potion of cancellation {unknown}
 p - a potion of magic {unknown}
 q - a potion of lignification {unknown}
Comestibles
 c - 4 bread rations
 f - 2 meat rations
 h - 7 fruits


   Skills:
 - Level 3.2 Fighting
 - Level 3.0 Maces & Flails
 - Level 2.1 Armour
 * Level 5.5 Dodging
 + Level 1.2 Stealth


You had 5 spell levels left.
You didn't know any spells.

Dungeon Overview and Level Annotations

Branches:
Dungeon (3/15)

Altars:


Innate Abilities, Weirdness & Mutations

You are resistant to torment.
Your stone body is resilient. (AC +4)
You are immune to poison.
You resist negative energy. (rN+)
You are resistant to electric shocks. (rElec)
You can survive without breathing.
You are immune to petrification.
You are immune to rotting.


Message History

You bump into the rock wall.
You are feeling very hungry.
You hear some strange, mumbled words.
A puff of flame appears from out of thin air!
The puff of flame hits you!
You hit something but do no damage. Something hits you but does no damage.
Space bends around you.
You bump into the rock wall.
You feel less confused. Something hits you but does no damage.
Space bends around you.
You hear some strange, mumbled words.
A magic dart appears from out of thin air!
The magic dart hits you!
* * * LOW HITPOINT WARNING * * *
Your skin crawls.
You feel resistant to hostile enchantments.
You feel somewhat more hungry. Something hits you but does no damage.
Space warps horribly around you!
Ouch! That really hurt!
You die...

##.###.# #.#
#.# #.# #.#
#.# #.# #.#
#.# #.###.#
#..##.#
##.##.# #..#@#
##.#{# #.#o#
######## #.#.#
#......# #...#
#......#
##..###......#
#...........#
#..........(#
#...........#


You could see an orc.

Vanquished Creatures
  Sigmund (D:2)
  The ghost of eowindel the Sneak, an amateur SpAs (D:3)
  An orc wizard (D:3)
  A worker ant (D:3)
  3 adders
  An ooze (D:2)
  A worm (D:2)
  3 dart slugs
  A leopard gecko (D:2)
  5 orcs (D:3)
  2 ball pythons
  4 bats
  A giant cockroach (D:2)
  5 goblins
  2 hobgoblins
  5 jackals
  3 quokkas (D:2)
  3 frilled lizards
  4 kobolds
  5 rats
52 creatures vanquished.

Notes
Turn   | Place    | Note
-------+----------+-------------------------------------------
     0 | D:1      | Nattfarinn the Gargoyle Berserker began the quest for the Orb.
     0 | D:1      | Reached XP level 1. HP: 14/14 MP: 1/1
   266 | D:1      | Reached skill level 2 in Dodging
   346 | D:1      | Reached XP level 2. HP: 19/19 MP: 2/2
  1048 | D:2      | Reached XP level 3. HP: 18/23 MP: 3/3
  1260 | D:2      | Noticed Sigmund
  1263 | D:2      | Reached skill level 3 in Dodging
  1277 | D:2      | Killed Sigmund
  1277 | D:2      | Reached skill level 4 in Dodging
  1277 | D:2      | Reached XP level 4. HP: 7/28 MP: 4/4
  1277 | D:2      | Reached XP level 5. HP: 8/32 MP: 5/5
  1779 | D:3      | Reached skill level 1 in Stealth
  1898 | D:3      | Reached XP level 6. HP: 37/37 MP: 6/6
  1920 | D:3      | Reached ** piety under Trog
  1927 | D:3      | Noticed eowindel's ghost (amateur SpAs)
  1938 | D:3      | Reached skill level 5 in Dodging
  1948 | D:3      | Killed eowindel's ghost
  2411 | D:3      | Mangled by an orc wizard

Skill      XL: |  1  2  3  4  5  6 |
---------------+-------------------+-----
Dodging        | 2 4 5 |  5.5
Stealth        | 1 |  1.2
Fighting       | |  3.2
Maces & Flails | |  3.0
Armour         | |  2.1

Action                   |  1- 3 |  4- 6 || total
-------------------------+-------+-------++-------
Melee: Mace              |    93 |   105 ||   198
       Whip              |       |    16 ||    16
Throw: Javelin           |       |     2 ||     2
Invok: Berserk           |     2 |     2 ||     4
       Trog's Hand       |       |     2 ||     2
 Stab: Sleeping          |       |     2 ||     2
  Eat: Chunk             |     2 |     6 ||     8
Armor: Animal skin       |    45 |    37 ||    82
       Scale mail        |       |    10 ||    10
Dodge: Dodged            |    89 |    74 ||   163
